| TOP OF THE 1ST |
|
Los Angeles (NYP) Angels batting - Pitching for Vancouver Canadians : RHP Scott Lowry
|
|
Pitching: RHP Scott Lowry
|
|
|
Batting: RHB Khalil Thurston
|
0-0: SINGLE (Line Drive, 56D, EV 99.4 MPH)
|
|
Batting: RHB Juan Montez
|
0-0: Called Strike 0-1: Ball 1-1: Called Strike Khalil Thurston steals 2nd base 1-2: Foul Ball, location: 2F 1-2: Foul Ball, location: 2F 1-2: Foul Ball, location: 2F 1-2: Ball 2-2: Strikes out swinging
|
|
Batting: LHB Jonathon Walton
|
0-0: Ball 1-0: Called Strike 1-1: Foul Ball, location: 2F 1-2: Ball Wild Pitch! Khalil Thurston to third 2-2: Strikes out swinging
|
|
Batting: RHB Oren Jones
|
0-0: Ball 1-0: Ball 2-0: Foul Ball, location: 2F 2-1: Swinging Strike 2-2: Ball 3-2: SINGLE (Line Drive, 56, EV 99.4 MPH) Khalil Thurston scores
|
|
Batting: RHB T.J. Gray
|
0-0: Ball 1-0: Called Strike Oren Jones is caught stealing 2nd base 2-4
|
| Top of the 1st over - 1 run, 2 hits, 0 errors, 0 left on base; Los Angeles (NYP) 1 - Vancouver 0 |
| BOTTOM OF THE 1ST |
|
Vancouver Canadians batting - Pitching for Los Angeles (NYP) Angels : RHP Hector Carrizales
|
|
Pitching: RHP Hector Carrizales
|
|
|
Batting: RHB Danny Alberto
|
0-0: Ball 1-0: Ball 2-0: Foul Ball, location: 2F 2-1: Called Strike 2-2: Ball 3-2: Ground out 4-3 (Groundball, 4, EV 85.0 MPH)
|
|
Batting: LHB Sonny Flood
|
0-0: Ball 1-0: Called Strike 1-1: Foul Ball, location: 2F 1-2: Ball 2-2: Ball 3-2: Base on Balls
|
|
Batting: RHB Nikita Schram
|
0-0: Ball 1-0: Ball Sonny Flood steals 2nd base 2-0: Called Strike Sonny Flood steals 3rd base 2-1: Ball 3-1: Ground out U3 (Groundball, 13, EV 85.6 MPH) Sonny Flood scores
|
|
Batting: RHB Kyle Scruggs
|
0-0: Ball 1-0: Ball 2-0: Fly out, F9 (Flyball, 89S, EV 81.2 MPH)
|
| Bottom of the 1st over - 1 run, 0 hits, 0 errors, 0 left on base; Los Angeles (NYP) 1 - Vancouver 1 |
| TOP OF THE 2ND |
|
Los Angeles (NYP) Angels batting - Pitching for Vancouver Canadians : RHP Scott Lowry
|
|
Batting: RHB T.J. Gray
|
0-0: Ball 1-0: Hit by Pitch
|
|
Batting: LHB Mutsuo IIda
|
0-0: Ball 1-0: Called Strike T.J. Gray steals 2nd base 1-1: Ball 2-1: Called Strike 2-2: Strikes out looking
|
|
Batting: RHB Bryan Payne
|
0-0: Called Strike 0-1: Ball 1-1: Ball 2-1: Ground out 6-3 (Groundball, 6MS, EV 65.6 MPH) T.J. Gray to third
|
|
Batting: RHB J.R. Roberts
|
0-0: Called Strike 0-1: Swinging Strike 0-2: Strikes out swinging
|
| Top of the 2nd over - 0 runs, 0 hits, 0 errors, 1 left on base; Los Angeles (NYP) 1 - Vancouver 1 |
| BOTTOM OF THE 2ND |
|
Vancouver Canadians batting - Pitching for Los Angeles (NYP) Angels : RHP Hector Carrizales
|
|
Batting: RHB Takanibu Kaneshiro
|
0-0: Foul Ball, location: 2F 0-1: Ball 1-1: Swinging Strike 1-2: Strikes out looking
|
|
Batting: RHB Jose Garza
|
0-0: Bunted foul 0-1: Ball 1-1: Ball 2-1: Fly out, F8 (Line Drive, 78M, EV 98.1 MPH)
|
|
Batting: RHB Porter Welsh
|
0-0: Ball 1-0: Foul Ball, location: 2F 1-1: Foul Ball, location: 2F 1-2: Ball 2-2: Ball 3-2: Strikes out swinging
|
| Bottom of the 2nd over - 0 runs, 0 hits, 0 errors, 0 left on base; Los Angeles (NYP) 1 - Vancouver 1 |
| TOP OF THE 3RD |
|
Los Angeles (NYP) Angels batting - Pitching for Vancouver Canadians : RHP Scott Lowry
|
|
Batting: RHB Malachi Ephron
|
0-0: Ball 1-0: Ground out 6-3 (Groundball, 6, EV 83.8 MPH)
|
|
Batting: RHB Khalil Thurston
|
0-0: Ball 1-0: Ball 2-0: Ball 3-0: Called Strike 3-1: Swinging Strike 3-2: SINGLE (Flyball, 89S, EV 90.0 MPH)
|
|
Batting: RHB Juan Montez
|
0-0: Ball 1-0: Ball 2-0: Called Strike 2-1: DOUBLE (Groundball, 5L, EV 101.9 MPH) Khalil Thurston to third
|
|
Batting: LHB Jonathon Walton
|
0-0: Foul Ball, location: 2F 0-1: Swinging Strike 0-2: Ball 1-2: Fly out, F8 (Flyball, 89S, EV 84.4 MPH)
|
|
Batting: RHB Oren Jones
|
0-0: Ball 1-0: Ball 2-0: Foul Ball, location: 2F 2-1: Called Strike 2-2: Ground out 4-3 (Groundball, 4, EV 101.2 MPH)
|
| Top of the 3rd over - 0 runs, 2 hits, 0 errors, 2 left on base; Los Angeles (NYP) 1 - Vancouver 1 |
| BOTTOM OF THE 3RD |
|
Vancouver Canadians batting - Pitching for Los Angeles (NYP) Angels : RHP Hector Carrizales
|
|
Batting: SHB Scott Robbins
|
0-0: Called Strike 0-1: SINGLE (Groundball, 56D, EV 97.5 MPH)
|
|
Batting: RHB Jose Ontiveros
|
0-0: Ball 1-0: Grounds into double play, 1-6-3 (Groundball, 13S, EV 70.0 MPH)
|
|
Batting: RHB Danny Alberto
|
0-0: Foul Ball, location: 2F 0-1: Foul Ball, location: 2F 0-2: Foul Ball, location: 2F 0-2: Strikes out swinging
|
| Bottom of the 3rd over - 0 runs, 1 hit, 0 errors, 0 left on base; Los Angeles (NYP) 1 - Vancouver 1 |
| TOP OF THE 4TH |
|
Los Angeles (NYP) Angels batting - Pitching for Vancouver Canadians : RHP Scott Lowry
|
|
Batting: RHB T.J. Gray
|
0-0: Ball 1-0: Called Strike 1-1: Ball 2-1: Foul Ball, location: 2F 2-2: Ball 3-2: Foul Ball, location: 2F 3-2: Foul Ball, location: 2F 3-2: Foul Ball, location: 2F 3-2: Foul Ball, location: 2F 3-2: Foul Ball, location: 2F 3-2: Fly out, F3 (Popup, 23F, EV 87.5 MPH)
|
|
Batting: LHB Mutsuo IIda
|
0-0: Foul Ball, location: 2F 0-1: Swinging Strike 0-2: Strikes out swinging
|
|
Batting: RHB Bryan Payne
|
0-0: Foul Ball, location: 2F 0-1: Foul Ball, location: 2F 0-2: Foul Ball, location: 2F 0-2: Ball 1-2: Ball 2-2: Ball 3-2: Foul Ball, location: 2F 3-2: Base on Balls
|
|
Batting: RHB J.R. Roberts
|
0-0: Ball 1-0: Ball 2-0: Fly out, F8 (Flyball, 8RD, EV 87.5 MPH)
|
| Top of the 4th over - 0 runs, 0 hits, 0 errors, 1 left on base; Los Angeles (NYP) 1 - Vancouver 1 |
| BOTTOM OF THE 4TH |
|
Vancouver Canadians batting - Pitching for Los Angeles (NYP) Angels : RHP Hector Carrizales
|
|
Batting: LHB Sonny Flood
|
0-0: Fly out, F8 (Flyball, 78S, EV 75.6 MPH)
|
|
Batting: RHB Nikita Schram
|
0-0: Ball 1-0: Foul Ball, location: 2F 1-1: Called Strike 1-2: Ball 2-2: DOUBLE (Flyball, 89XD, EV 95.6 MPH)
|
|
Batting: RHB Kyle Scruggs
|
0-0: Ground out 6-3 (Groundball, 6, EV 83.8 MPH) Nikita Schram to third
|
|
Batting: RHB Takanibu Kaneshiro
|
0-0: Called Strike 0-1: Swinging Strike 0-2: SINGLE (Groundball, 4D, EV 96.2 MPH) Nikita Schram scores
|
|
Batting: RHB Jose Garza
|
0-0: SINGLE (Line Drive, 9LS, EV 105.6 MPH) Takanibu Kaneshiro to second
|
|
Batting: RHB Porter Welsh
|
0-0: Foul Ball, location: 2F 0-1: Swinging Strike 0-2: Strikes out swinging
|
| Bottom of the 4th over - 1 run, 3 hits, 0 errors, 2 left on base; Los Angeles (NYP) 1 - Vancouver 2 |
| TOP OF THE 5TH |
|
Los Angeles (NYP) Angels batting - Pitching for Vancouver Canadians : RHP Scott Lowry
|
|
Batting: RHB Malachi Ephron
|
0-0: Ball 1-0: Ball 2-0: Called Strike 2-1: Called Strike 2-2: Ball 3-2: Strikes out swinging
|
|
Batting: RHB Khalil Thurston
|
0-0: Called Strike 0-1: Ball 1-1: Ground out 6-3 (Groundball, 6, EV 106.9 MPH)
|
|
Batting: RHB Juan Montez
|
0-0: Foul Ball, location: 2F 0-1: Ball 1-1: Foul Ball, location: 2F 1-2: Foul Ball, location: 2F 1-2: Ball 2-2: Strikes out swinging
|
| Top of the 5th over - 0 runs, 0 hits, 0 errors, 0 left on base; Los Angeles (NYP) 1 - Vancouver 2 |
| BOTTOM OF THE 5TH |
|
Vancouver Canadians batting - Pitching for Los Angeles (NYP) Angels : RHP Hector Carrizales
|
|
Batting: SHB Scott Robbins
|
0-0: Ball 1-0: Ball 2-0: Ball 3-0: Base on Balls
|
|
Batting: RHB Jose Ontiveros
|
0-0: SINGLE (Groundball, 56, EV 102.5 MPH) (infield hit) Scott Robbins to second
|
|
Batting: RHB Danny Alberto
|
0-0: Grounds into double play, 6-4-3 (Groundball, 6M, EV 90.0 MPH) Scott Robbins to third
|
|
Batting: LHB Sonny Flood
|
0-0: Ball 1-0: Ball 2-0: Ball 3-0: Called Strike 3-1: Base on Balls
|
|
Batting: RHB Nikita Schram
|
0-0: 3-RUN HOME RUN (Flyball, 7D, EV 98.8 MPH), Distance : 386 ft
|
|
Batting: RHB Kyle Scruggs
|
0-0: Fly out, F7 (Flyball, 78M, EV 91.2 MPH)
|
| Bottom of the 5th over - 3 runs, 2 hits, 0 errors, 0 left on base; Los Angeles (NYP) 1 - Vancouver 5 |
| TOP OF THE 6TH |
|
Los Angeles (NYP) Angels batting - Pitching for Vancouver Canadians : RHP Scott Lowry
|
|
Pitching: RHP Andres de Leon
|
|
|
Batting: LHB Jonathon Walton
|
0-0: Called Strike 0-1: Called Strike 0-2: Foul Ball, location: 2F 0-2: Foul Ball, location: 2F 0-2: Foul Ball, location: 2F 0-2: Ball 1-2: Ball 2-2: DOUBLE (Line Drive, 7LS, EV 93.1 MPH)
|
|
Batting: RHB Oren Jones
|
0-0: Ball 1-0: Swinging Strike 1-1: Swinging Strike 1-2: Strikes out swinging
|
|
Batting: RHB T.J. Gray
|
0-0: Ball 1-0: Foul Ball, location: 2F 1-1: Swinging Strike 1-2: SINGLE (Flyball, 8RS, EV 101.2 MPH) Jonathon Walton to third
|
|
Batting: LHB Mutsuo IIda
|
0-0: Ball 1-0: Swinging Strike 1-1: Foul Ball, location: 2F 1-2: Ball 2-2: Strikes out swinging
|
|
Batting: RHB Bryan Payne
|
0-0: Called Strike 0-1: Ball T.J. Gray steals 2nd base 1-1: Ball 2-1: Swinging Strike 2-2: Foul Ball, location: 2F 2-2: Ball 3-2: Foul Ball, location: 2F 3-2: Strikes out looking
|
| Top of the 6th over - 0 runs, 2 hits, 0 errors, 2 left on base; Los Angeles (NYP) 1 - Vancouver 5 |
| BOTTOM OF THE 6TH |
|
Vancouver Canadians batting - Pitching for Los Angeles (NYP) Angels : RHP Hector Carrizales
|
|
Batting: RHB Takanibu Kaneshiro
|
0-0: Ball 1-0: Called Strike 1-1: Foul Ball, location: 2F 1-2: Ball 2-2: Strikes out swinging
|
|
Pitching: RHP Tim Mumpower
|
|
|
Batting: RHB Jose Garza
|
0-0: Ball 1-0: SINGLE (Flyball, 3D, EV 91.2 MPH)
|
|
Batting: RHB Porter Welsh
|
0-0: 2-RUN HOME RUN (Flyball, 7LD, EV 95.0 MPH), Distance : 369 ft
|
|
Batting: SHB Scott Robbins
|
0-0: Hit by Pitch
|
|
Batting: RHB Jose Ontiveros
|
0-0: Ball 1-0: Called Strike 1-1: Foul Ball, location: 2F 1-2: Ball 2-2: Foul Ball, location: 2F 2-2: Ball 3-2: Foul Ball, location: 2F 3-2: Base on Balls Scott Robbins to second
|
|
Batting: RHB Danny Alberto
|
0-0: Foul Ball, location: 2F 0-1: Ball 1-1: Ground out 6-3 (Groundball, P, EV 95.0 MPH) Scott Robbins to third Jose Ontiveros to second
|
|
Batting: LHB Sonny Flood
|
0-0: Ball 1-0: Foul Ball, location: 2F 1-1: Ball 2-1: Ground out 4-3 (Groundball, 4, EV 105.6 MPH)
|
| Bottom of the 6th over - 2 runs, 2 hits, 0 errors, 2 left on base; Los Angeles (NYP) 1 - Vancouver 7 |
| TOP OF THE 7TH |
|
Los Angeles (NYP) Angels batting - Pitching for Vancouver Canadians : RHP Andres de Leon
|
|
Now in LF: Sonny Flood
|
|
|
Now in CF: Dan Hilyer
|
|
|
Batting: RHB J.R. Roberts
|
0-0: Ball 1-0: Fly out, F7 (Line Drive, 78M, EV 88.1 MPH)
|
|
Batting: RHB Malachi Ephron
|
0-0: Called Strike 0-1: Called Strike 0-2: Ball 1-2: Ball 2-2: DOUBLE (Groundball, 5L, EV 103.8 MPH)
|
|
Batting: RHB Khalil Thurston
|
0-0: Called Strike 0-1: Ground out U3 (Groundball, 34, EV 81.2 MPH) Malachi Ephron to third
|
|
Batting: RHB Juan Montez
|
0-0: Ball 1-0: Foul Ball, location: 2F 1-1: Foul Ball, location: 2F 1-2: Strikes out swinging
|
| Top of the 7th over - 0 runs, 1 hit, 0 errors, 1 left on base; Los Angeles (NYP) 1 - Vancouver 7 |
| BOTTOM OF THE 7TH |
|
Vancouver Canadians batting - Pitching for Los Angeles (NYP) Angels : RHP Tim Mumpower
|
|
Pitching: LHP Chris Fuller
|
|
|
Batting: RHB Nikita Schram
|
0-0: Called Strike 0-1: Hit by Pitch
|
|
Batting: RHB Kyle Scruggs
|
0-0: Called Strike Nikita Schram steals 2nd base 0-1: Foul Ball, location: 2F 0-2: Ball 1-2: Ball 2-2: Ball 3-2: Base on Balls
|
|
Batting: RHB Takanibu Kaneshiro
|
0-0: Ball 1-0: Foul Ball, location: 2F 1-1: Ball 2-1: Foul Ball, location: 2F 2-2: Grounds into double play, 6-4-3 (Groundball, 6M, EV 93.8 MPH) Nikita Schram to third
|
|
Batting: RHB Jose Garza
|
0-0: Foul Ball, location: 2F 0-1: Foul Ball, location: 2F 0-2: Strikes out looking
|
| Bottom of the 7th over - 0 runs, 0 hits, 0 errors, 1 left on base; Los Angeles (NYP) 1 - Vancouver 7 |
| TOP OF THE 8TH |
|
Los Angeles (NYP) Angels batting - Pitching for Vancouver Canadians : RHP Andres de Leon
|
|
Batting: LHB Jonathon Walton
|
0-0: Ball 1-0: Ball 2-0: Ground out 4-3 (Groundball, 4S, EV 90.6 MPH)
|
|
Batting: RHB Oren Jones
|
0-0: Swinging Strike 0-1: Ball 1-1: Ball 2-1: Fly out, F7 (Flyball, 7, EV 89.4 MPH)
|
|
Batting: RHB T.J. Gray
|
0-0: Foul Ball, location: 2F 0-1: TRIPLE (Line Drive, 9LD, EV 100.0 MPH)
|
|
Batting: LHB Mutsuo IIda
|
0-0: Called Strike 0-1: Ball 1-1: Ball 2-1: Called Strike 2-2: Foul Ball, location: 2F 2-2: Ball 3-2: SINGLE (Line Drive, 8LS, EV 106.9 MPH) T.J. Gray scores
|
|
Pitching: RHP Ryan Casey
|
|
|
Batting: RHB Bryan Payne
|
0-0: Called Strike 0-1: DOUBLE (Line Drive, 89D, EV 100.6 MPH) Mutsuo IIda to third
|
|
Batting: RHB J.R. Roberts
|
0-0: Called Strike 0-1: Ball 1-1: Ball 2-1: Fly out, F9 (Flyball, 89M, EV 86.2 MPH)
|
| Top of the 8th over - 1 run, 3 hits, 0 errors, 2 left on base; Los Angeles (NYP) 2 - Vancouver 7 |
| BOTTOM OF THE 8TH |
|
Vancouver Canadians batting - Pitching for Los Angeles (NYP) Angels : LHP Chris Fuller
|
|
Batting: RHB Porter Welsh
|
0-0: Called Strike 0-1: Called Strike 0-2: Ball 1-2: Foul Ball, location: 2F 1-2: Ball 2-2: Ball 3-2: Base on Balls
|
|
Pitching: RHP Jamie Snyder
|
|
|
Batting: SHB Scott Robbins
|
0-0: Ball Porter Welsh is caught stealing 2nd base 2-6 1-0: Foul Ball, location: 2F 1-1: Ball 2-1: Ball 3-1: Base on Balls
|
|
Batting: RHB Dan Hilyer
|
0-0: Fly out, F9 (Line Drive, 89M, EV 91.9 MPH)
|
|
Batting: RHB Danny Alberto
|
0-0: Foul Ball, location: 2F 0-1: Swinging Strike 0-2: Ball 1-2: Ball 2-2: SINGLE (Groundball, 56D, EV 97.5 MPH) Scott Robbins to second
|
|
Batting: LHB Sonny Flood
|
0-0: Called Strike 0-1: Ball 1-1: Foul Ball, location: 2F 1-2: DOUBLE (Line Drive, 8RXD, EV 102.5 MPH) Scott Robbins scores Danny Alberto to third
|
|
Batting: RHB Nikita Schram
|
0-0: Called Strike 0-1: Ball 1-1: Ball Wild Pitch! Danny Alberto scores Sonny Flood to third 2-1: Ball 3-1: Swinging Strike 3-2: SINGLE (Groundball, 6MS, EV 85.6 MPH) (infield hit) Sonny Flood scores
|
|
Pitching: RHP Adam Hefner
|
|
|
Pinch Hitting: RHB Lamberto Amicis
|
0-0: Ball 1-0: Foul Ball, location: 2F 1-1: SINGLE (Flyball, 5D, EV 91.9 MPH) Nikita Schram to second
|
|
Batting: RHB Takanibu Kaneshiro
|
0-0: Ball 1-0: Ball 2-0: Fielders Choice at 2nd, 5-4 (Groundball, 56, EV 100.0 MPH)
|
| Bottom of the 8th over - 3 runs, 4 hits, 0 errors, 2 left on base; Los Angeles (NYP) 2 - Vancouver 10 |
| TOP OF THE 9TH |
|
Los Angeles (NYP) Angels batting - Pitching for Vancouver Canadians : RHP Ryan Casey
|
|
Now at 2B: Jose Garza
|
|
|
Now at 3B: Porter Welsh
|
|
|
Now at SS: Lamberto Amicis
|
|
|
Now in CF: Adam Santarelli
|
|
|
Now in RF: Dan Hilyer
|
|
|
Batting: RHB Malachi Ephron
|
0-0: Foul Ball, location: 2F 0-1: Ball 1-1: Foul Ball, location: 2F 1-2: Foul Ball, location: 2F 1-2: Strikes out swinging
|
|
Batting: RHB Khalil Thurston
|
0-0: Ball 1-0: Swinging Strike 1-1: Foul Ball, location: 2F 1-2: Strikes out swinging
|
|
Batting: RHB Juan Montez
|
0-0: SINGLE (Groundball, 34D, EV 101.2 MPH)
|
|
Batting: LHB Jonathon Walton
|
0-0: Ball 1-0: Foul Ball, location: 2F 1-1: Ball 2-1: Called Strike 2-2: Foul Ball, location: 2F 2-2: Strikes out swinging
|
| Top of the 9th over - 0 runs, 1 hit, 0 errors, 1 left on base; Los Angeles (NYP) 2 - Vancouver 10 |
|